%YAML 1.1
%TAG !u! tag:unity3d.com,2011:
--- !u!1 &8335276777106237817
GameObject:
  m_ObjectHideFlags: 0
  m_CorrespondingSourceObject: {fileID: 0}
  m_PrefabInstance: {fileID: 0}
  m_PrefabAsset: {fileID: 0}
  serializedVersion: 6
  m_Component:
  - component: {fileID: 8335276777106237818}
  m_Layer: 0
  m_Name: PlatformPeninsula00
  m_TagString: Untagged
  m_Icon: {fileID: 0}
  m_NavMeshLayer: 0
  m_StaticEditorFlags: 1
  m_IsActive: 1
--- !u!4 &8335276777106237818
Transform:
  m_ObjectHideFlags: 0
  m_CorrespondingSourceObject: {fileID: 0}
  m_PrefabInstance: {fileID: 0}
  m_PrefabAsset: {fileID: 0}
  m_GameObject: {fileID: 8335276777106237817}
  m_LocalRotation: {x: 0, y: 0, z: 0, w: 1}
  m_LocalPosition: {x: 0, y: 0, z: 0}
  m_LocalScale: {x: 1, y: 1, z: 1}
  m_ConstrainProportionsScale: 0
  m_Children:
  - {fileID: 8332703350050984194}
  - {fileID: 8332699612430900094}
  - {fileID: 8332699612443183791}
  - {fileID: 8332699612384262039}
  - {fileID: 8339951035717797839}
  - {fileID: 8339951036394571954}
  - {fileID: 582616374894656147}
  - {fileID: 582616375993810854}
  - {fileID: 2490516205723394059}
  - {fileID: 2490516204827622405}
  - {fileID: 8782739700500625926}
  - {fileID: 8782739702194469649}
  - {fileID: 7369968476704507716}
  - {fileID: 7369968476576763700}
  - {fileID: 6079545866728960953}
  - {fileID: 3334899368071938383}
  - {fileID: 1398311702730126266}
  - {fileID: 5682515747147133210}
  - {fileID: 3349085503684248250}
  - {fileID: 3086970156139125128}
  - {fileID: 2217858015066258513}
  m_Father: {fileID: 0}
  m_RootOrder: 0
  m_LocalEulerAnglesHint: {x: 0, y: 0, z: 0}
--- !u!1001 &722840323786924512
PrefabInstance:
  m_ObjectHideFlags: 0
  serializedVersion: 2
  m_Modification:
    m_TransformParent: {fileID: 8335276777106237818}
    m_Modifications:
    - target: {fileID: 2616585060156940462, guid: eb25e137e1ccf8246b11fc207ef5ceb5, type: 3}
      propertyPath: m_Name
      value: FenceCrystal_Border00_2.5InteriorCorner (1)
      objectReference: {fileID: 0}
    - target: {fileID: 2616585060156940463, guid: eb25e137e1ccf8246b11fc207ef5ceb5, type: 3}
      propertyPath: m_RootOrder
      value: 15
      objectReference: {fileID: 0}
    - target: {fileID: 2616585060156940463, guid: eb25e137e1ccf8246b11fc207ef5ceb5, type: 3}
      propertyPath: m_LocalPosition.x
      value: -3.5
      objectReference: {fileID: 0}
    - target: {fileID: 2616585060156940463, guid: eb25e137e1ccf8246b11fc207ef5ceb5, type: 3}
      propertyPath: m_LocalPosition.y
      value: 0
      objectReference: {fileID: 0}
    - target: {fileID: 2616585060156940463, guid: eb25e137e1ccf8246b11fc207ef5ceb5, type: 3}
      propertyPath: m_LocalPosition.z
      value: 5.5
      objectReference: {fileID: 0}
    - target: {fileID: 2616585060156940463, guid: eb25e137e1ccf8246b11fc207ef5ceb5, type: 3}
      propertyPath: m_LocalRotation.w
      value: 0.000000104308114
      objectReference: {fileID: 0}
    - target: {fileID: 2616585060156940463, guid: eb25e137e1ccf8246b11fc207ef5ceb5, type: 3}
      propertyPath: m_LocalRotation.x
      value: -0
      objectReference: {fileID: 0}
    - target: {fileID: 2616585060156940463, guid: eb25e137e1ccf8246b11fc207ef5ceb5, type: 3}
      propertyPath: m_LocalRotation.y
      value: -1
      objectReference: {fileID: 0}
    - target: {fileID: 2616585060156940463, guid: eb25e137e1ccf8246b11fc207ef5ceb5, type: 3}
      propertyPath: m_LocalRotation.z
      value: -0
      objectReference: {fileID: 0}
    - target: {fileID: 2616585060156940463, guid: eb25e137e1ccf8246b11fc207ef5ceb5, type: 3}
      propertyPath: m_LocalEulerAnglesHint.x
      value: 0
      objectReference: {fileID: 0}
    - target: {fileID: 2616585060156940463, guid: eb25e137e1ccf8246b11fc207ef5ceb5, type: 3}
      propertyPath: m_LocalEulerAnglesHint.y
      value: -180
      objectReference: {fileID: 0}
    - target: {fileID: 2616585060156940463, guid: eb25e137e1ccf8246b11fc207ef5ceb5, type: 3}
      propertyPath: m_LocalEulerAnglesHint.z
      value: 0
      objectReference: {fileID: 0}
    - target: {fileID: 9016390535837739716, guid: eb25e137e1ccf8246b11fc207ef5ceb5, type: 3}
      propertyPath: m_StaticEditorFlags
      value: 1
      objectReference: {fileID: 0}
    m_RemovedComponents: []
  m_SourcePrefab: {fileID: 100100000, guid: eb25e137e1ccf8246b11fc207ef5ceb5, type: 3}
--- !u!4 &3334899368071938383 stripped
Transform:
  m_CorrespondingSourceObject: {fileID: 2616585060156940463, guid: eb25e137e1ccf8246b11fc207ef5ceb5, type: 3}
  m_PrefabInstance: {fileID: 722840323786924512}
  m_PrefabAsset: {fileID: 0}
--- !u!1001 &2345184508999472646
PrefabInstance:
  m_ObjectHideFlags: 0
  serializedVersion: 2
  m_Modification:
    m_TransformParent: {fileID: 8335276777106237818}
    m_Modifications:
    - target: {fileID: 3741376348798166435, guid: 21fdc8f23e2a6a54594b1500187e42ac, type: 3}
      propertyPath: m_Name
      value: FenceCrystal_Border00_5Corner
      objectReference: {fileID: 0}
    - target: {fileID: 3741376348798166460, guid: 21fdc8f23e2a6a54594b1500187e42ac, type: 3}
      propertyPath: m_RootOrder
      value: 16
      objectReference: {fileID: 0}
    - target: {fileID: 3741376348798166460, guid: 21fdc8f23e2a6a54594b1500187e42ac, type: 3}
      propertyPath: m_LocalPosition.x
      value: -3.5
      objectReference: {fileID: 0}
    - target: {fileID: 3741376348798166460, guid: 21fdc8f23e2a6a54594b1500187e42ac, type: 3}
      propertyPath: m_LocalPosition.y
      value: 0
      objectReference: {fileID: 0}
    - target: {fileID: 3741376348798166460, guid: 21fdc8f23e2a6a54594b1500187e42ac, type: 3}
      propertyPath: m_LocalPosition.z
      value: -5.5
      objectReference: {fileID: 0}
    - target: {fileID: 3741376348798166460, guid: 21fdc8f23e2a6a54594b1500187e42ac, type: 3}
      propertyPath: m_LocalRotation.w
      value: 1
      objectReference: {fileID: 0}
    - target: {fileID: 3741376348798166460, guid: 21fdc8f23e2a6a54594b1500187e42ac, type: 3}
      propertyPath: m_LocalRotation.x
      value: 0
      objectReference: {fileID: 0}
    - target: {fileID: 3741376348798166460, guid: 21fdc8f23e2a6a54594b1500187e42ac, type: 3}
      propertyPath: m_LocalRotation.y
      value: 0
      objectReference: {fileID: 0}
    - target: {fileID: 3741376348798166460, guid: 21fdc8f23e2a6a54594b1500187e42ac, type: 3}
      propertyPath: m_LocalRotation.z
      value: 0
      objectReference: {fileID: 0}
    - target: {fileID: 3741376348798166460, guid: 21fdc8f23e2a6a54594b1500187e42ac, type: 3}
      propertyPath: m_LocalEulerAnglesHint.x
      value: 0
      objectReference: {fileID: 0}
    - target: {fileID: 3741376348798166460, guid: 21fdc8f23e2a6a54594b1500187e42ac, type: 3}
      propertyPath: m_LocalEulerAnglesHint.y
      value: 0
      objectReference: {fileID: 0}
    - target: {fileID: 3741376348798166460, guid: 21fdc8f23e2a6a54594b1500187e42ac, type: 3}
      propertyPath: m_LocalEulerAnglesHint.z
      value: 0
      objectReference: {fileID: 0}
    - target: {fileID: 6883276470560518738, guid: 21fdc8f23e2a6a54594b1500187e42ac, type: 3}
      propertyPath: m_StaticEditorFlags
      value: 1
      objectReference: {fileID: 0}
    m_RemovedComponents: []
  m_SourcePrefab: {fileID: 100100000, guid: 21fdc8f23e2a6a54594b1500187e42ac, type: 3}
--- !u!4 &1398311702730126266 stripped
Transform:
  m_CorrespondingSourceObject: {fileID: 3741376348798166460, guid: 21fdc8f23e2a6a54594b1500187e42ac, type: 3}
  m_PrefabInstance: {fileID: 2345184508999472646}
  m_PrefabAsset: {fileID: 0}
--- !u!1001 &8075263090300375830
PrefabInstance:
  m_ObjectHideFlags: 0
  serializedVersion: 2
  m_Modification:
    m_TransformParent: {fileID: 8335276777106237818}
    m_Modifications:
    - target: {fileID: 2616585060156940462, guid: eb25e137e1ccf8246b11fc207ef5ceb5, type: 3}
      propertyPath: m_Name
      value: FenceCrystal_Border00_2.5InteriorCorner
      objectReference: {fileID: 0}
    - target: {fileID: 2616585060156940463, guid: eb25e137e1ccf8246b11fc207ef5ceb5, type: 3}
      propertyPath: m_RootOrder
      value: 14
      objectReference: {fileID: 0}
    - target: {fileID: 2616585060156940463, guid: eb25e137e1ccf8246b11fc207ef5ceb5, type: 3}
      propertyPath: m_LocalPosition.x
      value: -0.5
      objectReference: {fileID: 0}
    - target: {fileID: 2616585060156940463, guid: eb25e137e1ccf8246b11fc207ef5ceb5, type: 3}
      propertyPath: m_LocalPosition.y
      value: 0
      objectReference: {fileID: 0}
    - target: {fileID: 2616585060156940463, guid: eb25e137e1ccf8246b11fc207ef5ceb5, type: 3}
      propertyPath: m_LocalPosition.z
      value: -2.5
      objectReference: {fileID: 0}
    - target: {fileID: 2616585060156940463, guid: eb25e137e1ccf8246b11fc207ef5ceb5, type: 3}
      propertyPath: m_LocalRotation.w
      value: 0.7071068
      objectReference: {fileID: 0}
    - target: {fileID: 2616585060156940463, guid: eb25e137e1ccf8246b11fc207ef5ceb5, type: 3}
      propertyPath: m_LocalRotation.x
      value: -0
      objectReference: {fileID: 0}
    - target: {fileID: 2616585060156940463, guid: eb25e137e1ccf8246b11fc207ef5ceb5, type: 3}
      propertyPath: m_LocalRotation.y
      value: -0.70710677
      objectReference: {fileID: 0}
    - target: {fileID: 2616585060156940463, guid: eb25e137e1ccf8246b11fc207ef5ceb5, type: 3}
      propertyPath: m_LocalRotation.z
      value: -0
      objectReference: {fileID: 0}
    - target: {fileID: 2616585060156940463, guid: eb25e137e1ccf8246b11fc207ef5ceb5, type: 3}
      propertyPath: m_LocalEulerAnglesHint.x
      value: 0
      objectReference: {fileID: 0}
    - target: {fileID: 2616585060156940463, guid: eb25e137e1ccf8246b11fc207ef5ceb5, type: 3}
      propertyPath: m_LocalEulerAnglesHint.y
      value: -90
      objectReference: {fileID: 0}
    - target: {fileID: 2616585060156940463, guid: eb25e137e1ccf8246b11fc207ef5ceb5, type: 3}
      propertyPath: m_LocalEulerAnglesHint.z
      value: 0
      objectReference: {fileID: 0}
    - target: {fileID: 9016390535837739716, guid: eb25e137e1ccf8246b11fc207ef5ceb5, type: 3}
      propertyPath: m_StaticEditorFlags
      value: 1
      objectReference: {fileID: 0}
    m_RemovedComponents: []
  m_SourcePrefab: {fileID: 100100000, guid: eb25e137e1ccf8246b11fc207ef5ceb5, type: 3}
--- !u!4 &6079545866728960953 stripped
Transform:
  m_CorrespondingSourceObject: {fileID: 2616585060156940463, guid: eb25e137e1ccf8246b11fc207ef5ceb5, type: 3}
  m_PrefabInstance: {fileID: 8075263090300375830}
  m_PrefabAsset: {fileID: 0}
--- !u!1001 &8075575734207825880
PrefabInstance:
  m_ObjectHideFlags: 0
  serializedVersion: 2
  m_Modification:
    m_TransformParent: {fileID: 8335276777106237818}
    m_Modifications:
    - target: {fileID: 4502176013269322318, guid: b8bf926da61680b4f8150ca7396f4abb, type: 3}
      propertyPath: m_Name
      value: FenceCrystal_Border00_1 (1)
      objectReference: {fileID: 0}
    - target: {fileID: 4822043460747229005, guid: b8bf926da61680b4f8150ca7396f4abb, type: 3}
      propertyPath: m_StaticEditorFlags
      value: 1
      objectReference: {fileID: 0}
    - target: {fileID: 6540680593265352272, guid: b8bf926da61680b4f8150ca7396f4abb, type: 3}
      propertyPath: m_RootOrder
      value: 19
      objectReference: {fileID: 0}
    - target: {fileID: 6540680593265352272, guid: b8bf926da61680b4f8150ca7396f4abb, type: 3}
      propertyPath: m_LocalPosition.x
      value: -8
      objectReference: {fileID: 0}
    - target: {fileID: 6540680593265352272, guid: b8bf926da61680b4f8150ca7396f4abb, type: 3}
      propertyPath: m_LocalPosition.y
      value: 0
      objectReference: {fileID: 0}
    - target: {fileID: 6540680593265352272, guid: b8bf926da61680b4f8150ca7396f4abb, type: 3}
      propertyPath: m_LocalPosition.z
      value: -1
      objectReference: {fileID: 0}
    - target: {fileID: 6540680593265352272, guid: b8bf926da61680b4f8150ca7396f4abb, type: 3}
      propertyPath: m_LocalRotation.w
      value: 1
      objectReference: {fileID: 0}
    - target: {fileID: 6540680593265352272, guid: b8bf926da61680b4f8150ca7396f4abb, type: 3}
      propertyPath: m_LocalRotation.x
      value: 0
      objectReference: {fileID: 0}
    - target: {fileID: 6540680593265352272, guid: b8bf926da61680b4f8150ca7396f4abb, type: 3}
      propertyPath: m_LocalRotation.y
      value: 0
      objectReference: {fileID: 0}
    - target: {fileID: 6540680593265352272, guid: b8bf926da61680b4f8150ca7396f4abb, type: 3}
      propertyPath: m_LocalRotation.z
      value: 0
      objectReference: {fileID: 0}
    - target: {fileID: 6540680593265352272, guid: b8bf926da61680b4f8150ca7396f4abb, type: 3}
      propertyPath: m_LocalEulerAnglesHint.x
      value: 0
      objectReference: {fileID: 0}
    - target: {fileID: 6540680593265352272, guid: b8bf926da61680b4f8150ca7396f4abb, type: 3}
      propertyPath: m_LocalEulerAnglesHint.y
      value: 0
      objectReference: {fileID: 0}
    - target: {fileID: 6540680593265352272, guid: b8bf926da61680b4f8150ca7396f4abb, type: 3}
      propertyPath: m_LocalEulerAnglesHint.z
      value: 0
      objectReference: {fileID: 0}
    m_RemovedComponents: []
  m_SourcePrefab: {fileID: 100100000, guid: b8bf926da61680b4f8150ca7396f4abb, type: 3}
--- !u!4 &3086970156139125128 stripped
Transform:
  m_CorrespondingSourceObject: {fileID: 6540680593265352272, guid: b8bf926da61680b4f8150ca7396f4abb, type: 3}
  m_PrefabInstance: {fileID: 8075575734207825880}
  m_PrefabAsset: {fileID: 0}
--- !u!1001 &8335276777163265027
PrefabInstance:
  m_ObjectHideFlags: 0
  serializedVersion: 2
  m_Modification:
    m_TransformParent: {fileID: 8335276777106237818}
    m_Modifications:
    - target: {fileID: 1664154296822224, guid: 94647b30e8900344bb56d7b27aa688e4, type: 3}
      propertyPath: m_Name
      value: CityTerrain_Base_1x5
      objectReference: {fileID: 0}
    - target: {fileID: 1664154296822224, guid: 94647b30e8900344bb56d7b27aa688e4, type: 3}
      propertyPath: m_StaticEditorFlags
      value: 2147483647
      objectReference: {fileID: 0}
    - target: {fileID: 4977861718791116, guid: 94647b30e8900344bb56d7b27aa688e4, type: 3}
      propertyPath: m_RootOrder
      value: 4
      objectReference: {fileID: 0}
    - target: {fileID: 4977861718791116, guid: 94647b30e8900344bb56d7b27aa688e4, type: 3}
      propertyPath: m_LocalScale.x
      value: 1
      objectReference: {fileID: 0}
    - target: {fileID: 4977861718791116, guid: 94647b30e8900344bb56d7b27aa688e4, type: 3}
      propertyPath: m_LocalScale.y
      value: 0.9
      objectReference: {fileID: 0}
    - target: {fileID: 4977861718791116, guid: 94647b30e8900344bb56d7b27aa688e4, type: 3}
      propertyPath: m_LocalScale.z
      value: 0.75
      objectReference: {fileID: 0}
    - target: {fileID: 4977861718791116, guid: 94647b30e8900344bb56d7b27aa688e4, type: 3}
      propertyPath: m_LocalPosition.x
      value: 0
      objectReference: {fileID: 0}
    - target: {fileID: 4977861718791116, guid: 94647b30e8900344bb56d7b27aa688e4, type: 3}
      propertyPath: m_LocalPosition.y
      value: -1.5
      objectReference: {fileID: 0}
    - target: {fileID: 4977861718791116, guid: 94647b30e8900344bb56d7b27aa688e4, type: 3}
      propertyPath: m_LocalPosition.z
      value: 1.75
      objectReference: {fileID: 0}
    - target: {fileID: 4977861718791116, guid: 94647b30e8900344bb56d7b27aa688e4, type: 3}
      propertyPath: m_LocalRotation.w
      value: 0.49999976
      objectReference: {fileID: 0}
    - target: {fileID: 4977861718791116, guid: 94647b30e8900344bb56d7b27aa688e4, type: 3}
      propertyPath: m_LocalRotation.x
      value: 0.5000002
      objectReference: {fileID: 0}
    - target: {fileID: 4977861718791116, guid: 94647b30e8900344bb56d7b27aa688e4, type: 3}
      propertyPath: m_LocalRotation.y
      value: 0.49999976
      objectReference: {fileID: 0}
    - target: {fileID: 4977861718791116, guid: 94647b30e8900344bb56d7b27aa688e4, type: 3}
      propertyPath: m_LocalRotation.z
      value: 0.5000003
      objectReference: {fileID: 0}
    - target: {fileID: 4977861718791116, guid: 94647b30e8900344bb56d7b27aa688e4, type: 3}
      propertyPath: m_LocalEulerAnglesHint.x
      value: 0
      objectReference: {fileID: 0}
    - target: {fileID: 4977861718791116, guid: 94647b30e8900344bb56d7b27aa688e4, type: 3}
      propertyPath: m_LocalEulerAnglesHint.y
      value: 90
      objectReference: {fileID: 0}
    - target: {fileID: 4977861718791116, guid: 94647b30e8900344bb56d7b27aa688e4, type: 3}
      propertyPath: m_LocalEulerAnglesHint.z
      value: 90
      objectReference: {fileID: 0}
    m_RemovedComponents: []
  m_SourcePrefab: {fileID: 100100000, guid: 94647b30e8900344bb56d7b27aa688e4, type: 3}
--- !u!4 &8339951035717797839 stripped
Transform:
  m_CorrespondingSourceObject: {fileID: 4977861718791116, guid: 94647b30e8900344bb56d7b27aa688e4, type: 3}
  m_PrefabInstance: {fileID: 8335276777163265027}
  m_PrefabAsset: {fileID: 0}
--- !u!1001 &8335276777169461314
PrefabInstance:
  m_ObjectHideFlags: 0
  serializedVersion: 2
  m_Modification:
    m_TransformParent: {fileID: 8335276777106237818}
    m_Modifications:
    - target: {fileID: 2319208749548437551, guid: 3f757d68c2e47a640b3bb154d2e73794, type: 3}
      propertyPath: m_Name
      value: FloatingPlatform00_2.5InteriorCorner
      objectReference: {fileID: 0}
    - target: {fileID: 5853779403091247177, guid: 3f757d68c2e47a640b3bb154d2e73794, type: 3}
      propertyPath: m_RootOrder
      value: 8
      objectReference: {fileID: 0}
    - target: {fileID: 5853779403091247177, guid: 3f757d68c2e47a640b3bb154d2e73794, type: 3}
      propertyPath: m_LocalScale.y
      value: -1
      objectReference: {fileID: 0}
    - target: {fileID: 5853779403091247177, guid: 3f757d68c2e47a640b3bb154d2e73794, type: 3}
      propertyPath: m_LocalPosition.x
      value: 0
      objectReference: {fileID: 0}
    - target: {fileID: 5853779403091247177, guid: 3f757d68c2e47a640b3bb154d2e73794, type: 3}
      propertyPath: m_LocalPosition.y
      value: -1
      objectReference: {fileID: 0}
    - target: {fileID: 5853779403091247177, guid: 3f757d68c2e47a640b3bb154d2e73794, type: 3}
      propertyPath: m_LocalPosition.z
      value: 6
      objectReference: {fileID: 0}
    - target: {fileID: 5853779403091247177, guid: 3f757d68c2e47a640b3bb154d2e73794, type: 3}
      propertyPath: m_LocalRotation.w
      value: 0.00000058114523
      objectReference: {fileID: 0}
    - target: {fileID: 5853779403091247177, guid: 3f757d68c2e47a640b3bb154d2e73794, type: 3}
      propertyPath: m_LocalRotation.x
      value: -0
      objectReference: {fileID: 0}
    - target: {fileID: 5853779403091247177, guid: 3f757d68c2e47a640b3bb154d2e73794, type: 3}
      propertyPath: m_LocalRotation.y
      value: 1
      objectReference: {fileID: 0}
    - target: {fileID: 5853779403091247177, guid: 3f757d68c2e47a640b3bb154d2e73794, type: 3}
      propertyPath: m_LocalRotation.z
      value: -0
      objectReference: {fileID: 0}
    - target: {fileID: 5853779403091247177, guid: 3f757d68c2e47a640b3bb154d2e73794, type: 3}
      propertyPath: m_LocalEulerAnglesHint.x
      value: 0
      objectReference: {fileID: 0}
    - target: {fileID: 5853779403091247177, guid: 3f757d68c2e47a640b3bb154d2e73794, type: 3}
      propertyPath: m_LocalEulerAnglesHint.y
      value: 180
      objectReference: {fileID: 0}
    - target: {fileID: 5853779403091247177, guid: 3f757d68c2e47a640b3bb154d2e73794, type: 3}
      propertyPath: m_LocalEulerAnglesHint.z
      value: 0
      objectReference: {fileID: 0}
    - target: {fileID: 7226972089515691961, guid: 3f757d68c2e47a640b3bb154d2e73794, type: 3}
      propertyPath: m_Materials.Array.data[2]
      value: 
      objectReference: {fileID: 2100000, guid: 6ba15a300f50623448d84a3eb3b485a7, type: 2}
    - target: {fileID: 7884391447222064562, guid: 3f757d68c2e47a640b3bb154d2e73794, type: 3}
      propertyPath: m_Materials.Array.data[6]
      value: 
      objectReference: {fileID: 2100000, guid: 6822fa769fd87e143be8584e9efa214a, type: 2}
    m_RemovedComponents: []
  m_SourcePrefab: {fileID: 100100000, guid: 3f757d68c2e47a640b3bb154d2e73794, type: 3}
--- !u!4 &2490516205723394059 stripped
Transform:
  m_CorrespondingSourceObject: {fileID: 5853779403091247177, guid: 3f757d68c2e47a640b3bb154d2e73794, type: 3}
  m_PrefabInstance: {fileID: 8335276777169461314}
  m_PrefabAsset: {fileID: 0}
--- !u!1001 &8335276777681079014
PrefabInstance:
  m_ObjectHideFlags: 0
  serializedVersion: 2
  m_Modification:
    m_TransformParent: {fileID: 8335276777106237818}
    m_Modifications:
    - target: {fileID: 742624621755445472, guid: 1de1542ed57385e4190e11d26cf7c7af, type: 3}
      propertyPath: m_RootOrder
      value: 10
      objectReference: {fileID: 0}
    - target: {fileID: 742624621755445472, guid: 1de1542ed57385e4190e11d26cf7c7af, type: 3}
      propertyPath: m_LocalScale.y
      value: -1
      objectReference: {fileID: 0}
    - target: {fileID: 742624621755445472, guid: 1de1542ed57385e4190e11d26cf7c7af, type: 3}
      propertyPath: m_LocalPosition.x
      value: -3.5
      objectReference: {fileID: 0}
    - target: {fileID: 742624621755445472, guid: 1de1542ed57385e4190e11d26cf7c7af, type: 3}
      propertyPath: m_LocalPosition.y
      value: -1
      objectReference: {fileID: 0}
    - target: {fileID: 742624621755445472, guid: 1de1542ed57385e4190e11d26cf7c7af, type: 3}
      propertyPath: m_LocalPosition.z
      value: -1
      objectReference: {fileID: 0}
    - target: {fileID: 742624621755445472, guid: 1de1542ed57385e4190e11d26cf7c7af, type: 3}
      propertyPath: m_LocalRotation.w
      value: 1
      objectReference: {fileID: 0}
    - target: {fileID: 742624621755445472, guid: 1de1542ed57385e4190e11d26cf7c7af, type: 3}
      propertyPath: m_LocalRotation.x
      value: -0
      objectReference: {fileID: 0}
    - target: {fileID: 742624621755445472, guid: 1de1542ed57385e4190e11d26cf7c7af, type: 3}
      propertyPath: m_LocalRotation.y
      value: -0
      objectReference: {fileID: 0}
    - target: {fileID: 742624621755445472, guid: 1de1542ed57385e4190e11d26cf7c7af, type: 3}
      propertyPath: m_LocalRotation.z
      value: -0
      objectReference: {fileID: 0}
    - target: {fileID: 742624621755445472, guid: 1de1542ed57385e4190e11d26cf7c7af, type: 3}
      propertyPath: m_LocalEulerAnglesHint.x
      value: 0
      objectReference: {fileID: 0}
    - target: {fileID: 742624621755445472, guid: 1de1542ed57385e4190e11d26cf7c7af, type: 3}
      propertyPath: m_LocalEulerAnglesHint.y
      value: 0
      objectReference: {fileID: 0}
    - target: {fileID: 742624621755445472, guid: 1de1542ed57385e4190e11d26cf7c7af, type: 3}
      propertyPath: m_LocalEulerAnglesHint.z
      value: 0
      objectReference: {fileID: 0}
    - target: {fileID: 796344370192896715, guid: 1de1542ed57385e4190e11d26cf7c7af, type: 3}
      propertyPath: m_Materials.Array.data[6]
      value: 
      objectReference: {fileID: 2100000, guid: 6ba15a300f50623448d84a3eb3b485a7, type: 2}
    - target: {fileID: 3824431495365370662, guid: 1de1542ed57385e4190e11d26cf7c7af, type: 3}
      propertyPath: m_Materials.Array.data[3]
      value: 
      objectReference: {fileID: 2100000, guid: 6ba15a300f50623448d84a3eb3b485a7, type: 2}
    - target: {fileID: 5261335555470814643, guid: 1de1542ed57385e4190e11d26cf7c7af, type: 3}
      propertyPath: m_Name
      value: FloatingPlatform00_5Corner
      objectReference: {fileID: 0}
    m_RemovedComponents: []
  m_SourcePrefab: {fileID: 100100000, guid: 1de1542ed57385e4190e11d26cf7c7af, type: 3}
--- !u!4 &8782739700500625926 stripped
Transform:
  m_CorrespondingSourceObject: {fileID: 742624621755445472, guid: 1de1542ed57385e4190e11d26cf7c7af, type: 3}
  m_PrefabInstance: {fileID: 8335276777681079014}
  m_PrefabAsset: {fileID: 0}
--- !u!1001 &8335276777786442971
PrefabInstance:
  m_ObjectHideFlags: 0
  serializedVersion: 2
  m_Modification:
    m_TransformParent: {fileID: 8335276777106237818}
    m_Modifications:
    - target: {fileID: 1228556750514062734, guid: 46e175d2e50aab0488169ed4d64f51f2, type: 3}
      propertyPath: m_Name
      value: HighPlatformBorder00b_2.5HardInteriorCorner
      objectReference: {fileID: 0}
    - target: {fileID: 1228556750514062734, guid: 46e175d2e50aab0488169ed4d64f51f2, type: 3}
      propertyPath: m_StaticEditorFlags
      value: 1
      objectReference: {fileID: 0}
    - target: {fileID: 5204721433063790733, guid: 46e175d2e50aab0488169ed4d64f51f2, type: 3}
      propertyPath: m_StaticEditorFlags
      value: 1
      objectReference: {fileID: 0}
    - target: {fileID: 8192240202455394487, guid: 46e175d2e50aab0488169ed4d64f51f2, type: 3}
      propertyPath: m_StaticEditorFlags
      value: 1
      objectReference: {fileID: 0}
    - target: {fileID: 8915161956653858376, guid: 46e175d2e50aab0488169ed4d64f51f2, type: 3}
      propertyPath: m_RootOrder
      value: 6
      objectReference: {fileID: 0}
    - target: {fileID: 8915161956653858376, guid: 46e175d2e50aab0488169ed4d64f51f2, type: 3}
      propertyPath: m_LocalPosition.x
      value: -2.5
      objectReference: {fileID: 0}
    - target: {fileID: 8915161956653858376, guid: 46e175d2e50aab0488169ed4d64f51f2, type: 3}
      propertyPath: m_LocalPosition.y
      value: -1
      objectReference: {fileID: 0}
    - target: {fileID: 8915161956653858376, guid: 46e175d2e50aab0488169ed4d64f51f2, type: 3}
      propertyPath: m_LocalPosition.z
      value: 0
      objectReference: {fileID: 0}
    - target: {fileID: 8915161956653858376, guid: 46e175d2e50aab0488169ed4d64f51f2, type: 3}
      propertyPath: m_LocalRotation.w
      value: 0.7071068
      objectReference: {fileID: 0}
    - target: {fileID: 8915161956653858376, guid: 46e175d2e50aab0488169ed4d64f51f2, type: 3}
      propertyPath: m_LocalRotation.x
      value: -0
      objectReference: {fileID: 0}
    - target: {fileID: 8915161956653858376, guid: 46e175d2e50aab0488169ed4d64f51f2, type: 3}
      propertyPath: m_LocalRotation.y
      value: 0.70710677
      objectReference: {fileID: 0}
    - target: {fileID: 8915161956653858376, guid: 46e175d2e50aab0488169ed4d64f51f2, type: 3}
      propertyPath: m_LocalRotation.z
      value: -0
      objectReference: {fileID: 0}
    - target: {fileID: 8915161956653858376, guid: 46e175d2e50aab0488169ed4d64f51f2, type: 3}
      propertyPath: m_LocalEulerAnglesHint.x
      value: 0
      objectReference: {fileID: 0}
    - target: {fileID: 8915161956653858376, guid: 46e175d2e50aab0488169ed4d64f51f2, type: 3}
      propertyPath: m_LocalEulerAnglesHint.y
      value: 90
      objectReference: {fileID: 0}
    - target: {fileID: 8915161956653858376, guid: 46e175d2e50aab0488169ed4d64f51f2, type: 3}
      propertyPath: m_LocalEulerAnglesHint.z
      value: 0
      objectReference: {fileID: 0}
    m_RemovedComponents: []
  m_SourcePrefab: {fileID: 100100000, guid: 46e175d2e50aab0488169ed4d64f51f2, type: 3}
--- !u!4 &582616374894656147 stripped
Transform:
  m_CorrespondingSourceObject: {fileID: 8915161956653858376, guid: 46e175d2e50aab0488169ed4d64f51f2, type: 3}
  m_PrefabInstance: {fileID: 8335276777786442971}
  m_PrefabAsset: {fileID: 0}
--- !u!1001 &8335276777794433392
PrefabInstance:
  m_ObjectHideFlags: 0
  serializedVersion: 2
  m_Modification:
    m_TransformParent: {fileID: 8335276777106237818}
    m_Modifications:
    - target: {fileID: 1739837463436600, guid: db5ae33e403efc64cb8dcb18edee5308, type: 3}
      propertyPath: m_Name
      value: CityTerrain_Base_2x1
      objectReference: {fileID: 0}
    - target: {fileID: 1739837463436600, guid: db5ae33e403efc64cb8dcb18edee5308, type: 3}
      propertyPath: m_StaticEditorFlags
      value: 2147483647
      objectReference: {fileID: 0}
    - target: {fileID: 4336710452603406, guid: db5ae33e403efc64cb8dcb18edee5308, type: 3}
      propertyPath: m_RootOrder
      value: 1
      objectReference: {fileID: 0}
    - target: {fileID: 4336710452603406, guid: db5ae33e403efc64cb8dcb18edee5308, type: 3}
      propertyPath: m_LocalScale.z
      value: 0.75
      objectReference: {fileID: 0}
    - target: {fileID: 4336710452603406, guid: db5ae33e403efc64cb8dcb18edee5308, type: 3}
      propertyPath: m_LocalPosition.x
      value: -2.5
      objectReference: {fileID: 0}
    - target: {fileID: 4336710452603406, guid: db5ae33e403efc64cb8dcb18edee5308, type: 3}
      propertyPath: m_LocalPosition.y
      value: 0
      objectReference: {fileID: 0}
    - target: {fileID: 4336710452603406, guid: db5ae33e403efc64cb8dcb18edee5308, type: 3}
      propertyPath: m_LocalPosition.z
      value: 2.5
      objectReference: {fileID: 0}
    - target: {fileID: 4336710452603406, guid: db5ae33e403efc64cb8dcb18edee5308, type: 3}
      propertyPath: m_LocalRotation.w
      value: 1
      objectReference: {fileID: 0}
    - target: {fileID: 4336710452603406, guid: db5ae33e403efc64cb8dcb18edee5308, type: 3}
      propertyPath: m_LocalRotation.x
      value: 0
      objectReference: {fileID: 0}
    - target: {fileID: 4336710452603406, guid: db5ae33e403efc64cb8dcb18edee5308, type: 3}
      propertyPath: m_LocalRotation.y
      value: 0
      objectReference: {fileID: 0}
    - target: {fileID: 4336710452603406, guid: db5ae33e403efc64cb8dcb18edee5308, type: 3}
      propertyPath: m_LocalRotation.z
      value: 0
      objectReference: {fileID: 0}
    - target: {fileID: 4336710452603406, guid: db5ae33e403efc64cb8dcb18edee5308, type: 3}
      propertyPath: m_LocalEulerAnglesHint.x
      value: 0
      objectReference: {fileID: 0}
    - target: {fileID: 4336710452603406, guid: db5ae33e403efc64cb8dcb18edee5308, type: 3}
      propertyPath: m_LocalEulerAnglesHint.y
      value: 0
      objectReference: {fileID: 0}
    - target: {fileID: 4336710452603406, guid: db5ae33e403efc64cb8dcb18edee5308, type: 3}
      propertyPath: m_LocalEulerAnglesHint.z
      value: 0
      objectReference: {fileID: 0}
    - target: {fileID: 23867114295140320, guid: db5ae33e403efc64cb8dcb18edee5308, type: 3}
      propertyPath: m_Materials.Array.data[0]
      value: 
      objectReference: {fileID: 2100000, guid: 8fcf6218c399465468c9ffdfaa637641, type: 2}
    m_RemovedComponents: []
  m_SourcePrefab: {fileID: 100100000, guid: db5ae33e403efc64cb8dcb18edee5308, type: 3}
--- !u!4 &8332699612430900094 stripped
Transform:
  m_CorrespondingSourceObject: {fileID: 4336710452603406, guid: db5ae33e403efc64cb8dcb18edee5308, type: 3}
  m_PrefabInstance: {fileID: 8335276777794433392}
  m_PrefabAsset: {fileID: 0}
--- !u!1001 &8335276777806192801
PrefabInstance:
  m_ObjectHideFlags: 0
  serializedVersion: 2
  m_Modification:
    m_TransformParent: {fileID: 8335276777106237818}
    m_Modifications:
    - target: {fileID: 1739837463436600, guid: db5ae33e403efc64cb8dcb18edee5308, type: 3}
      propertyPath: m_Name
      value: CityTerrain_Base_2x1 (1)
      objectReference: {fileID: 0}
    - target: {fileID: 1739837463436600, guid: db5ae33e403efc64cb8dcb18edee5308, type: 3}
      propertyPath: m_StaticEditorFlags
      value: 2147483647
      objectReference: {fileID: 0}
    - target: {fileID: 4336710452603406, guid: db5ae33e403efc64cb8dcb18edee5308, type: 3}
      propertyPath: m_RootOrder
      value: 2
      objectReference: {fileID: 0}
    - target: {fileID: 4336710452603406, guid: db5ae33e403efc64cb8dcb18edee5308, type: 3}
      propertyPath: m_LocalScale.z
      value: 0.75
      objectReference: {fileID: 0}
    - target: {fileID: 4336710452603406, guid: db5ae33e403efc64cb8dcb18edee5308, type: 3}
      propertyPath: m_LocalPosition.x
      value: -2.5
      objectReference: {fileID: 0}
    - target: {fileID: 4336710452603406, guid: db5ae33e403efc64cb8dcb18edee5308, type: 3}
      propertyPath: m_LocalPosition.y
      value: 0
      objectReference: {fileID: 0}
    - target: {fileID: 4336710452603406, guid: db5ae33e403efc64cb8dcb18edee5308, type: 3}
      propertyPath: m_LocalPosition.z
      value: -1
      objectReference: {fileID: 0}
    - target: {fileID: 4336710452603406, guid: db5ae33e403efc64cb8dcb18edee5308, type: 3}
      propertyPath: m_LocalRotation.w
      value: 1
      objectReference: {fileID: 0}
    - target: {fileID: 4336710452603406, guid: db5ae33e403efc64cb8dcb18edee5308, type: 3}
      propertyPath: m_LocalRotation.x
      value: 0
      objectReference: {fileID: 0}
    - target: {fileID: 4336710452603406, guid: db5ae33e403efc64cb8dcb18edee5308, type: 3}
      propertyPath: m_LocalRotation.y
      value: 0
      objectReference: {fileID: 0}
    - target: {fileID: 4336710452603406, guid: db5ae33e403efc64cb8dcb18edee5308, type: 3}
      propertyPath: m_LocalRotation.z
      value: 0
      objectReference: {fileID: 0}
    - target: {fileID: 4336710452603406, guid: db5ae33e403efc64cb8dcb18edee5308, type: 3}
      propertyPath: m_LocalEulerAnglesHint.x
      value: 0
      objectReference: {fileID: 0}
    - target: {fileID: 4336710452603406, guid: db5ae33e403efc64cb8dcb18edee5308, type: 3}
      propertyPath: m_LocalEulerAnglesHint.y
      value: 0
      objectReference: {fileID: 0}
    - target: {fileID: 4336710452603406, guid: db5ae33e403efc64cb8dcb18edee5308, type: 3}
      propertyPath: m_LocalEulerAnglesHint.z
      value: 0
      objectReference: {fileID: 0}
    - target: {fileID: 23867114295140320, guid: db5ae33e403efc64cb8dcb18edee5308, type: 3}
      propertyPath: m_Materials.Array.data[0]
      value: 
      objectReference: {fileID: 2100000, guid: 8fcf6218c399465468c9ffdfaa637641, type: 2}
    m_RemovedComponents: []
  m_SourcePrefab: {fileID: 100100000, guid: db5ae33e403efc64cb8dcb18edee5308, type: 3}
--- !u!4 &8332699612443183791 stripped
Transform:
  m_CorrespondingSourceObject: {fileID: 4336710452603406, guid: db5ae33e403efc64cb8dcb18edee5308, type: 3}
  m_PrefabInstance: {fileID: 8335276777806192801}
  m_PrefabAsset: {fileID: 0}
--- !u!1001 &8335276777814859161
PrefabInstance:
  m_ObjectHideFlags: 0
  serializedVersion: 2
  m_Modification:
    m_TransformParent: {fileID: 8335276777106237818}
    m_Modifications:
    - target: {fileID: 1739837463436600, guid: db5ae33e403efc64cb8dcb18edee5308, type: 3}
      propertyPath: m_Name
      value: CityTerrain_Base_2x1 (2)
      objectReference: {fileID: 0}
    - target: {fileID: 1739837463436600, guid: db5ae33e403efc64cb8dcb18edee5308, type: 3}
      propertyPath: m_StaticEditorFlags
      value: 2147483647
      objectReference: {fileID: 0}
    - target: {fileID: 4336710452603406, guid: db5ae33e403efc64cb8dcb18edee5308, type: 3}
      propertyPath: m_RootOrder
      value: 3
      objectReference: {fileID: 0}
    - target: {fileID: 4336710452603406, guid: db5ae33e403efc64cb8dcb18edee5308, type: 3}
      propertyPath: m_LocalScale.z
      value: 1
      objectReference: {fileID: 0}
    - target: {fileID: 4336710452603406, guid: db5ae33e403efc64cb8dcb18edee5308, type: 3}
      propertyPath: m_LocalPosition.x
      value: -5
      objectReference: {fileID: 0}
    - target: {fileID: 4336710452603406, guid: db5ae33e403efc64cb8dcb18edee5308, type: 3}
      propertyPath: m_LocalPosition.y
      value: -1.999999
      objectReference: {fileID: 0}
    - target: {fileID: 4336710452603406, guid: db5ae33e403efc64cb8dcb18edee5308, type: 3}
      propertyPath: m_LocalPosition.z
      value: -0.9999981
      objectReference: {fileID: 0}
    - target: {fileID: 4336710452603406, guid: db5ae33e403efc64cb8dcb18edee5308, type: 3}
      propertyPath: m_LocalRotation.w
      value: 0.00000016391276
      objectReference: {fileID: 0}
    - target: {fileID: 4336710452603406, guid: db5ae33e403efc64cb8dcb18edee5308, type: 3}
      propertyPath: m_LocalRotation.x
      value: -1
      objectReference: {fileID: 0}
    - target: {fileID: 4336710452603406, guid: db5ae33e403efc64cb8dcb18edee5308, type: 3}
      propertyPath: m_LocalRotation.y
      value: -0
      objectReference: {fileID: 0}
    - target: {fileID: 4336710452603406, guid: db5ae33e403efc64cb8dcb18edee5308, type: 3}
      propertyPath: m_LocalRotation.z
      value: -0
      objectReference: {fileID: 0}
    - target: {fileID: 4336710452603406, guid: db5ae33e403efc64cb8dcb18edee5308, type: 3}
      propertyPath: m_LocalEulerAnglesHint.x
      value: -180
      objectReference: {fileID: 0}
    - target: {fileID: 4336710452603406, guid: db5ae33e403efc64cb8dcb18edee5308, type: 3}
      propertyPath: m_LocalEulerAnglesHint.y
      value: 0
      objectReference: {fileID: 0}
    - target: {fileID: 4336710452603406, guid: db5ae33e403efc64cb8dcb18edee5308, type: 3}
      propertyPath: m_LocalEulerAnglesHint.z
      value: 0
      objectReference: {fileID: 0}
    - target: {fileID: 23867114295140320, guid: db5ae33e403efc64cb8dcb18edee5308, type: 3}
      propertyPath: m_Materials.Array.data[0]
      value: 
      objectReference: {fileID: 2100000, guid: 8fcf6218c399465468c9ffdfaa637641, type: 2}
    m_RemovedComponents: []
  m_SourcePrefab: {fileID: 100100000, guid: db5ae33e403efc64cb8dcb18edee5308, type: 3}
--- !u!4 &8332699612384262039 stripped
Transform:
  m_CorrespondingSourceObject: {fileID: 4336710452603406, guid: db5ae33e403efc64cb8dcb18edee5308, type: 3}
  m_PrefabInstance: {fileID: 8335276777814859161}
  m_PrefabAsset: {fileID: 0}
--- !u!1001 &8335276777892625484
PrefabInstance:
  m_ObjectHideFlags: 0
  serializedVersion: 2
  m_Modification:
    m_TransformParent: {fileID: 8335276777106237818}
    m_Modifications:
    - target: {fileID: 2319208749548437551, guid: 3f757d68c2e47a640b3bb154d2e73794, type: 3}
      propertyPath: m_Name
      value: FloatingPlatform00_2.5InteriorCorner (1)
      objectReference: {fileID: 0}
    - target: {fileID: 5853779403091247177, guid: 3f757d68c2e47a640b3bb154d2e73794, type: 3}
      propertyPath: m_RootOrder
      value: 9
      objectReference: {fileID: 0}
    - target: {fileID: 5853779403091247177, guid: 3f757d68c2e47a640b3bb154d2e73794, type: 3}
      propertyPath: m_LocalScale.y
      value: -1
      objectReference: {fileID: 0}
    - target: {fileID: 5853779403091247177, guid: 3f757d68c2e47a640b3bb154d2e73794, type: 3}
      propertyPath: m_LocalPosition.x
      value: 0
      objectReference: {fileID: 0}
    - target: {fileID: 5853779403091247177, guid: 3f757d68c2e47a640b3bb154d2e73794, type: 3}
      propertyPath: m_LocalPosition.y
      value: -1
      objectReference: {fileID: 0}
    - target: {fileID: 5853779403091247177, guid: 3f757d68c2e47a640b3bb154d2e73794, type: 3}
      propertyPath: m_LocalPosition.z
      value: -6
      objectReference: {fileID: 0}
    - target: {fileID: 5853779403091247177, guid: 3f757d68c2e47a640b3bb154d2e73794, type: 3}
      propertyPath: m_LocalRotation.w
      value: -0.70710665
      objectReference: {fileID: 0}
    - target: {fileID: 5853779403091247177, guid: 3f757d68c2e47a640b3bb154d2e73794, type: 3}
      propertyPath: m_LocalRotation.x
      value: -0
      objectReference: {fileID: 0}
    - target: {fileID: 5853779403091247177, guid: 3f757d68c2e47a640b3bb154d2e73794, type: 3}
      propertyPath: m_LocalRotation.y
      value: 0.707107
      objectReference: {fileID: 0}
    - target: {fileID: 5853779403091247177, guid: 3f757d68c2e47a640b3bb154d2e73794, type: 3}
      propertyPath: m_LocalRotation.z
      value: -0
      objectReference: {fileID: 0}
    - target: {fileID: 5853779403091247177, guid: 3f757d68c2e47a640b3bb154d2e73794, type: 3}
      propertyPath: m_LocalEulerAnglesHint.x
      value: 0
      objectReference: {fileID: 0}
    - target: {fileID: 5853779403091247177, guid: 3f757d68c2e47a640b3bb154d2e73794, type: 3}
      propertyPath: m_LocalEulerAnglesHint.y
      value: 270
      objectReference: {fileID: 0}
    - target: {fileID: 5853779403091247177, guid: 3f757d68c2e47a640b3bb154d2e73794, type: 3}
      propertyPath: m_LocalEulerAnglesHint.z
      value: 0
      objectReference: {fileID: 0}
    - target: {fileID: 7226972089515691961, guid: 3f757d68c2e47a640b3bb154d2e73794, type: 3}
      propertyPath: m_Materials.Array.data[2]
      value: 
      objectReference: {fileID: 2100000, guid: 6ba15a300f50623448d84a3eb3b485a7, type: 2}
    - target: {fileID: 7884391447222064562, guid: 3f757d68c2e47a640b3bb154d2e73794, type: 3}
      propertyPath: m_Materials.Array.data[6]
      value: 
      objectReference: {fileID: 2100000, guid: 6822fa769fd87e143be8584e9efa214a, type: 2}
    m_RemovedComponents: []
  m_SourcePrefab: {fileID: 100100000, guid: 3f757d68c2e47a640b3bb154d2e73794, type: 3}
--- !u!4 &2490516204827622405 stripped
Transform:
  m_CorrespondingSourceObject: {fileID: 5853779403091247177, guid: 3f757d68c2e47a640b3bb154d2e73794, type: 3}
  m_PrefabInstance: {fileID: 8335276777892625484}
  m_PrefabAsset: {fileID: 0}
--- !u!1001 &8335276778066299889
PrefabInstance:
  m_ObjectHideFlags: 0
  serializedVersion: 2
  m_Modification:
    m_TransformParent: {fileID: 8335276777106237818}
    m_Modifications:
    - target: {fileID: 742624621755445472, guid: 1de1542ed57385e4190e11d26cf7c7af, type: 3}
      propertyPath: m_RootOrder
      value: 11
      objectReference: {fileID: 0}
    - target: {fileID: 742624621755445472, guid: 1de1542ed57385e4190e11d26cf7c7af, type: 3}
      propertyPath: m_LocalScale.y
      value: -1
      objectReference: {fileID: 0}
    - target: {fileID: 742624621755445472, guid: 1de1542ed57385e4190e11d26cf7c7af, type: 3}
      propertyPath: m_LocalPosition.x
      value: -3.5
      objectReference: {fileID: 0}
    - target: {fileID: 742624621755445472, guid: 1de1542ed57385e4190e11d26cf7c7af, type: 3}
      propertyPath: m_LocalPosition.y
      value: -1
      objectReference: {fileID: 0}
    - target: {fileID: 742624621755445472, guid: 1de1542ed57385e4190e11d26cf7c7af, type: 3}
      propertyPath: m_LocalPosition.z
      value: 1
      objectReference: {fileID: 0}
    - target: {fileID: 742624621755445472, guid: 1de1542ed57385e4190e11d26cf7c7af, type: 3}
      propertyPath: m_LocalRotation.w
      value: 0.7071068
      objectReference: {fileID: 0}
    - target: {fileID: 742624621755445472, guid: 1de1542ed57385e4190e11d26cf7c7af, type: 3}
      propertyPath: m_LocalRotation.x
      value: -0
      objectReference: {fileID: 0}
    - target: {fileID: 742624621755445472, guid: 1de1542ed57385e4190e11d26cf7c7af, type: 3}
      propertyPath: m_LocalRotation.y
      value: 0.70710677
      objectReference: {fileID: 0}
    - target: {fileID: 742624621755445472, guid: 1de1542ed57385e4190e11d26cf7c7af, type: 3}
      propertyPath: m_LocalRotation.z
      value: -0
      objectReference: {fileID: 0}
    - target: {fileID: 742624621755445472, guid: 1de1542ed57385e4190e11d26cf7c7af, type: 3}
      propertyPath: m_LocalEulerAnglesHint.x
      value: 0
      objectReference: {fileID: 0}
    - target: {fileID: 742624621755445472, guid: 1de1542ed57385e4190e11d26cf7c7af, type: 3}
      propertyPath: m_LocalEulerAnglesHint.y
      value: 90
      objectReference: {fileID: 0}
    - target: {fileID: 742624621755445472, guid: 1de1542ed57385e4190e11d26cf7c7af, type: 3}
      propertyPath: m_LocalEulerAnglesHint.z
      value: 0
      objectReference: {fileID: 0}
    - target: {fileID: 796344370192896715, guid: 1de1542ed57385e4190e11d26cf7c7af, type: 3}
      propertyPath: m_Materials.Array.data[6]
      value: 
      objectReference: {fileID: 2100000, guid: 6ba15a300f50623448d84a3eb3b485a7, type: 2}
    - target: {fileID: 3824431495365370662, guid: 1de1542ed57385e4190e11d26cf7c7af, type: 3}
      propertyPath: m_Materials.Array.data[3]
      value: 
      objectReference: {fileID: 2100000, guid: 6ba15a300f50623448d84a3eb3b485a7, type: 2}
    - target: {fileID: 5261335555470814643, guid: 1de1542ed57385e4190e11d26cf7c7af, type: 3}
      propertyPath: m_Name
      value: FloatingPlatform00_5Corner (1)
      objectReference: {fileID: 0}
    m_RemovedComponents: []
  m_SourcePrefab: {fileID: 100100000, guid: 1de1542ed57385e4190e11d26cf7c7af, type: 3}
--- !u!4 &8782739702194469649 stripped
Transform:
  m_CorrespondingSourceObject: {fileID: 742624621755445472, guid: 1de1542ed57385e4190e11d26cf7c7af, type: 3}
  m_PrefabInstance: {fileID: 8335276778066299889}
  m_PrefabAsset: {fileID: 0}
--- !u!1001 &8335276778132623136
PrefabInstance:
  m_ObjectHideFlags: 0
  serializedVersion: 2
  m_Modification:
    m_TransformParent: {fileID: 8335276777106237818}
    m_Modifications:
    - target: {fileID: 1949029249517188, guid: b2a71dc9b17bcfc42a8dcb85dc4c07aa, type: 3}
      propertyPath: m_Name
      value: CityTerrain_Base_5x2.5
      objectReference: {fileID: 0}
    - target: {fileID: 1949029249517188, guid: b2a71dc9b17bcfc42a8dcb85dc4c07aa, type: 3}
      propertyPath: m_StaticEditorFlags
      value: 2147483647
      objectReference: {fileID: 0}
    - target: {fileID: 4344845142810146, guid: b2a71dc9b17bcfc42a8dcb85dc4c07aa, type: 3}
      propertyPath: m_RootOrder
      value: 0
      objectReference: {fileID: 0}
    - target: {fileID: 4344845142810146, guid: b2a71dc9b17bcfc42a8dcb85dc4c07aa, type: 3}
      propertyPath: m_LocalScale.x
      value: 0.8
      objectReference: {fileID: 0}
    - target: {fileID: 4344845142810146, guid: b2a71dc9b17bcfc42a8dcb85dc4c07aa, type: 3}
      propertyPath: m_LocalScale.z
      value: 0.7
      objectReference: {fileID: 0}
    - target: {fileID: 4344845142810146, guid: b2a71dc9b17bcfc42a8dcb85dc4c07aa, type: 3}
      propertyPath: m_LocalPosition.x
      value: -6
      objectReference: {fileID: 0}
    - target: {fileID: 4344845142810146, guid: b2a71dc9b17bcfc42a8dcb85dc4c07aa, type: 3}
      propertyPath: m_LocalPosition.y
      value: 0
      objectReference: {fileID: 0}
    - target: {fileID: 4344845142810146, guid: b2a71dc9b17bcfc42a8dcb85dc4c07aa, type: 3}
      propertyPath: m_LocalPosition.z
      value: 1
      objectReference: {fileID: 0}
    - target: {fileID: 4344845142810146, guid: b2a71dc9b17bcfc42a8dcb85dc4c07aa, type: 3}
      propertyPath: m_LocalRotation.w
      value: 0.7071068
      objectReference: {fileID: 0}
    - target: {fileID: 4344845142810146, guid: b2a71dc9b17bcfc42a8dcb85dc4c07aa, type: 3}
      propertyPath: m_LocalRotation.x
      value: -0
      objectReference: {fileID: 0}
    - target: {fileID: 4344845142810146, guid: b2a71dc9b17bcfc42a8dcb85dc4c07aa, type: 3}
      propertyPath: m_LocalRotation.y
      value: -0.70710677
      objectReference: {fileID: 0}
    - target: {fileID: 4344845142810146, guid: b2a71dc9b17bcfc42a8dcb85dc4c07aa, type: 3}
      propertyPath: m_LocalRotation.z
      value: -0
      objectReference: {fileID: 0}
    - target: {fileID: 4344845142810146, guid: b2a71dc9b17bcfc42a8dcb85dc4c07aa, type: 3}
      propertyPath: m_LocalEulerAnglesHint.x
      value: 0
      objectReference: {fileID: 0}
    - target: {fileID: 4344845142810146, guid: b2a71dc9b17bcfc42a8dcb85dc4c07aa, type: 3}
      propertyPath: m_LocalEulerAnglesHint.y
      value: -90
      objectReference: {fileID: 0}
    - target: {fileID: 4344845142810146, guid: b2a71dc9b17bcfc42a8dcb85dc4c07aa, type: 3}
      propertyPath: m_LocalEulerAnglesHint.z
      value: 0
      objectReference: {fileID: 0}
    - target: {fileID: 23651981722916498, guid: b2a71dc9b17bcfc42a8dcb85dc4c07aa, type: 3}
      propertyPath: m_Materials.Array.data[0]
      value: 
      objectReference: {fileID: 2100000, guid: 8fcf6218c399465468c9ffdfaa637641, type: 2}
    m_RemovedComponents: []
  m_SourcePrefab: {fileID: 100100000, guid: b2a71dc9b17bcfc42a8dcb85dc4c07aa, type: 3}
--- !u!4 &8332703350050984194 stripped
Transform:
  m_CorrespondingSourceObject: {fileID: 4344845142810146, guid: b2a71dc9b17bcfc42a8dcb85dc4c07aa, type: 3}
  m_PrefabInstance: {fileID: 8335276778132623136}
  m_PrefabAsset: {fileID: 0}
--- !u!1001 &8335276778213401824
PrefabInstance:
  m_ObjectHideFlags: 0
  serializedVersion: 2
  m_Modification:
    m_TransformParent: {fileID: 8335276777106237818}
    m_Modifications:
    - target: {fileID: 1299053790185570201, guid: 30995cda9e210ec4b90d1a02894c7c45, type: 3}
      propertyPath: m_Materials.Array.data[3]
      value: 
      objectReference: {fileID: 2100000, guid: 6ba15a300f50623448d84a3eb3b485a7, type: 2}
    - target: {fileID: 1579559887599807444, guid: 30995cda9e210ec4b90d1a02894c7c45, type: 3}
      propertyPath: m_RootOrder
      value: 13
      objectReference: {fileID: 0}
    - target: {fileID: 1579559887599807444, guid: 30995cda9e210ec4b90d1a02894c7c45, type: 3}
      propertyPath: m_LocalScale.y
      value: -1
      objectReference: {fileID: 0}
    - target: {fileID: 1579559887599807444, guid: 30995cda9e210ec4b90d1a02894c7c45, type: 3}
      propertyPath: m_LocalPosition.x
      value: -6
      objectReference: {fileID: 0}
    - target: {fileID: 1579559887599807444, guid: 30995cda9e210ec4b90d1a02894c7c45, type: 3}
      propertyPath: m_LocalPosition.y
      value: -1
      objectReference: {fileID: 0}
    - target: {fileID: 1579559887599807444, guid: 30995cda9e210ec4b90d1a02894c7c45, type: 3}
      propertyPath: m_LocalPosition.z
      value: 0
      objectReference: {fileID: 0}
    - target: {fileID: 1579559887599807444, guid: 30995cda9e210ec4b90d1a02894c7c45, type: 3}
      propertyPath: m_LocalRotation.w
      value: 1
      objectReference: {fileID: 0}
    - target: {fileID: 1579559887599807444, guid: 30995cda9e210ec4b90d1a02894c7c45, type: 3}
      propertyPath: m_LocalRotation.x
      value: -0
      objectReference: {fileID: 0}
    - target: {fileID: 1579559887599807444, guid: 30995cda9e210ec4b90d1a02894c7c45, type: 3}
      propertyPath: m_LocalRotation.y
      value: -0
      objectReference: {fileID: 0}
    - target: {fileID: 1579559887599807444, guid: 30995cda9e210ec4b90d1a02894c7c45, type: 3}
      propertyPath: m_LocalRotation.z
      value: -0
      objectReference: {fileID: 0}
    - target: {fileID: 1579559887599807444, guid: 30995cda9e210ec4b90d1a02894c7c45, type: 3}
      propertyPath: m_LocalEulerAnglesHint.x
      value: 0
      objectReference: {fileID: 0}
    - target: {fileID: 1579559887599807444, guid: 30995cda9e210ec4b90d1a02894c7c45, type: 3}
      propertyPath: m_LocalEulerAnglesHint.y
      value: 0
      objectReference: {fileID: 0}
    - target: {fileID: 1579559887599807444, guid: 30995cda9e210ec4b90d1a02894c7c45, type: 3}
      propertyPath: m_LocalEulerAnglesHint.z
      value: 0
      objectReference: {fileID: 0}
    - target: {fileID: 3775103826338646046, guid: 30995cda9e210ec4b90d1a02894c7c45, type: 3}
      propertyPath: m_Name
      value: FloatingPlatform00_1 (1)
      objectReference: {fileID: 0}
    m_RemovedComponents: []
  m_SourcePrefab: {fileID: 100100000, guid: 30995cda9e210ec4b90d1a02894c7c45, type: 3}
--- !u!4 &7369968476576763700 stripped
Transform:
  m_CorrespondingSourceObject: {fileID: 1579559887599807444, guid: 30995cda9e210ec4b90d1a02894c7c45, type: 3}
  m_PrefabInstance: {fileID: 8335276778213401824}
  m_PrefabAsset: {fileID: 0}
--- !u!1001 &8335276778634238846
PrefabInstance:
  m_ObjectHideFlags: 0
  serializedVersion: 2
  m_Modification:
    m_TransformParent: {fileID: 8335276777106237818}
    m_Modifications:
    - target: {fileID: 1664154296822224, guid: 94647b30e8900344bb56d7b27aa688e4, type: 3}
      propertyPath: m_Name
      value: CityTerrain_Base_1x5 (1)
      objectReference: {fileID: 0}
    - target: {fileID: 1664154296822224, guid: 94647b30e8900344bb56d7b27aa688e4, type: 3}
      propertyPath: m_StaticEditorFlags
      value: 2147483647
      objectReference: {fileID: 0}
    - target: {fileID: 4977861718791116, guid: 94647b30e8900344bb56d7b27aa688e4, type: 3}
      propertyPath: m_RootOrder
      value: 5
      objectReference: {fileID: 0}
    - target: {fileID: 4977861718791116, guid: 94647b30e8900344bb56d7b27aa688e4, type: 3}
      propertyPath: m_LocalScale.x
      value: 1
      objectReference: {fileID: 0}
    - target: {fileID: 4977861718791116, guid: 94647b30e8900344bb56d7b27aa688e4, type: 3}
      propertyPath: m_LocalScale.y
      value: 0.9
      objectReference: {fileID: 0}
    - target: {fileID: 4977861718791116, guid: 94647b30e8900344bb56d7b27aa688e4, type: 3}
      propertyPath: m_LocalScale.z
      value: 0.75
      objectReference: {fileID: 0}
    - target: {fileID: 4977861718791116, guid: 94647b30e8900344bb56d7b27aa688e4, type: 3}
      propertyPath: m_LocalPosition.x
      value: 0.0000009536743
      objectReference: {fileID: 0}
    - target: {fileID: 4977861718791116, guid: 94647b30e8900344bb56d7b27aa688e4, type: 3}
      propertyPath: m_LocalPosition.y
      value: -1.499996
      objectReference: {fileID: 0}
    - target: {fileID: 4977861718791116, guid: 94647b30e8900344bb56d7b27aa688e4, type: 3}
      propertyPath: m_LocalPosition.z
      value: -2.5
      objectReference: {fileID: 0}
    - target: {fileID: 4977861718791116, guid: 94647b30e8900344bb56d7b27aa688e4, type: 3}
      propertyPath: m_LocalRotation.w
      value: 0.49999976
      objectReference: {fileID: 0}
    - target: {fileID: 4977861718791116, guid: 94647b30e8900344bb56d7b27aa688e4, type: 3}
      propertyPath: m_LocalRotation.x
      value: 0.5000002
      objectReference: {fileID: 0}
    - target: {fileID: 4977861718791116, guid: 94647b30e8900344bb56d7b27aa688e4, type: 3}
      propertyPath: m_LocalRotation.y
      value: 0.49999976
      objectReference: {fileID: 0}
    - target: {fileID: 4977861718791116, guid: 94647b30e8900344bb56d7b27aa688e4, type: 3}
      propertyPath: m_LocalRotation.z
      value: 0.5000003
      objectReference: {fileID: 0}
    - target: {fileID: 4977861718791116, guid: 94647b30e8900344bb56d7b27aa688e4, type: 3}
      propertyPath: m_LocalEulerAnglesHint.x
      value: 0
      objectReference: {fileID: 0}
    - target: {fileID: 4977861718791116, guid: 94647b30e8900344bb56d7b27aa688e4, type: 3}
      propertyPath: m_LocalEulerAnglesHint.y
      value: 90
      objectReference: {fileID: 0}
    - target: {fileID: 4977861718791116, guid: 94647b30e8900344bb56d7b27aa688e4, type: 3}
      propertyPath: m_LocalEulerAnglesHint.z
      value: 90
      objectReference: {fileID: 0}
    m_RemovedComponents: []
  m_SourcePrefab: {fileID: 100100000, guid: 94647b30e8900344bb56d7b27aa688e4, type: 3}
--- !u!4 &8339951036394571954 stripped
Transform:
  m_CorrespondingSourceObject: {fileID: 4977861718791116, guid: 94647b30e8900344bb56d7b27aa688e4, type: 3}
  m_PrefabInstance: {fileID: 8335276778634238846}
  m_PrefabAsset: {fileID: 0}
--- !u!1001 &8335276778819628176
PrefabInstance:
  m_ObjectHideFlags: 0
  serializedVersion: 2
  m_Modification:
    m_TransformParent: {fileID: 8335276777106237818}
    m_Modifications:
    - target: {fileID: 1299053790185570201, guid: 30995cda9e210ec4b90d1a02894c7c45, type: 3}
      propertyPath: m_Materials.Array.data[3]
      value: 
      objectReference: {fileID: 2100000, guid: 82f5028ca680ee64ab77e3d5400bfe93, type: 2}
    - target: {fileID: 1579559887599807444, guid: 30995cda9e210ec4b90d1a02894c7c45, type: 3}
      propertyPath: m_RootOrder
      value: 12
      objectReference: {fileID: 0}
    - target: {fileID: 1579559887599807444, guid: 30995cda9e210ec4b90d1a02894c7c45, type: 3}
      propertyPath: m_LocalScale.y
      value: -1
      objectReference: {fileID: 0}
    - target: {fileID: 1579559887599807444, guid: 30995cda9e210ec4b90d1a02894c7c45, type: 3}
      propertyPath: m_LocalPosition.x
      value: -6
      objectReference: {fileID: 0}
    - target: {fileID: 1579559887599807444, guid: 30995cda9e210ec4b90d1a02894c7c45, type: 3}
      propertyPath: m_LocalPosition.y
      value: -1
      objectReference: {fileID: 0}
    - target: {fileID: 1579559887599807444, guid: 30995cda9e210ec4b90d1a02894c7c45, type: 3}
      propertyPath: m_LocalPosition.z
      value: -1
      objectReference: {fileID: 0}
    - target: {fileID: 1579559887599807444, guid: 30995cda9e210ec4b90d1a02894c7c45, type: 3}
      propertyPath: m_LocalRotation.w
      value: 1
      objectReference: {fileID: 0}
    - target: {fileID: 1579559887599807444, guid: 30995cda9e210ec4b90d1a02894c7c45, type: 3}
      propertyPath: m_LocalRotation.x
      value: -0
      objectReference: {fileID: 0}
    - target: {fileID: 1579559887599807444, guid: 30995cda9e210ec4b90d1a02894c7c45, type: 3}
      propertyPath: m_LocalRotation.y
      value: -0
      objectReference: {fileID: 0}
    - target: {fileID: 1579559887599807444, guid: 30995cda9e210ec4b90d1a02894c7c45, type: 3}
      propertyPath: m_LocalRotation.z
      value: -0
      objectReference: {fileID: 0}
    - target: {fileID: 1579559887599807444, guid: 30995cda9e210ec4b90d1a02894c7c45, type: 3}
      propertyPath: m_LocalEulerAnglesHint.x
      value: 0
      objectReference: {fileID: 0}
    - target: {fileID: 1579559887599807444, guid: 30995cda9e210ec4b90d1a02894c7c45, type: 3}
      propertyPath: m_LocalEulerAnglesHint.y
      value: 0
      objectReference: {fileID: 0}
    - target: {fileID: 1579559887599807444, guid: 30995cda9e210ec4b90d1a02894c7c45, type: 3}
      propertyPath: m_LocalEulerAnglesHint.z
      value: 0
      objectReference: {fileID: 0}
    - target: {fileID: 3775103826338646046, guid: 30995cda9e210ec4b90d1a02894c7c45, type: 3}
      propertyPath: m_Name
      value: FloatingPlatform00_1
      objectReference: {fileID: 0}
    m_RemovedComponents: []
  m_SourcePrefab: {fileID: 100100000, guid: 30995cda9e210ec4b90d1a02894c7c45, type: 3}
--- !u!4 &7369968476704507716 stripped
Transform:
  m_CorrespondingSourceObject: {fileID: 1579559887599807444, guid: 30995cda9e210ec4b90d1a02894c7c45, type: 3}
  m_PrefabInstance: {fileID: 8335276778819628176}
  m_PrefabAsset: {fileID: 0}
--- !u!1001 &8335276778885104110
PrefabInstance:
  m_ObjectHideFlags: 0
  serializedVersion: 2
  m_Modification:
    m_TransformParent: {fileID: 8335276777106237818}
    m_Modifications:
    - target: {fileID: 1228556750514062734, guid: 46e175d2e50aab0488169ed4d64f51f2, type: 3}
      propertyPath: m_Name
      value: HighPlatformBorder00b_2.5HardInteriorCorner (1)
      objectReference: {fileID: 0}
    - target: {fileID: 1228556750514062734, guid: 46e175d2e50aab0488169ed4d64f51f2, type: 3}
      propertyPath: m_StaticEditorFlags
      value: 1
      objectReference: {fileID: 0}
    - target: {fileID: 5204721433063790733, guid: 46e175d2e50aab0488169ed4d64f51f2, type: 3}
      propertyPath: m_StaticEditorFlags
      value: 1
      objectReference: {fileID: 0}
    - target: {fileID: 8192240202455394487, guid: 46e175d2e50aab0488169ed4d64f51f2, type: 3}
      propertyPath: m_StaticEditorFlags
      value: 1
      objectReference: {fileID: 0}
    - target: {fileID: 8915161956653858376, guid: 46e175d2e50aab0488169ed4d64f51f2, type: 3}
      propertyPath: m_RootOrder
      value: 7
      objectReference: {fileID: 0}
    - target: {fileID: 8915161956653858376, guid: 46e175d2e50aab0488169ed4d64f51f2, type: 3}
      propertyPath: m_LocalPosition.x
      value: -2.5
      objectReference: {fileID: 0}
    - target: {fileID: 8915161956653858376, guid: 46e175d2e50aab0488169ed4d64f51f2, type: 3}
      propertyPath: m_LocalPosition.y
      value: -1
      objectReference: {fileID: 0}
    - target: {fileID: 8915161956653858376, guid: 46e175d2e50aab0488169ed4d64f51f2, type: 3}
      propertyPath: m_LocalPosition.z
      value: 0
      objectReference: {fileID: 0}
    - target: {fileID: 8915161956653858376, guid: 46e175d2e50aab0488169ed4d64f51f2, type: 3}
      propertyPath: m_LocalRotation.w
      value: 0.000000104308114
      objectReference: {fileID: 0}
    - target: {fileID: 8915161956653858376, guid: 46e175d2e50aab0488169ed4d64f51f2, type: 3}
      propertyPath: m_LocalRotation.x
      value: -0
      objectReference: {fileID: 0}
    - target: {fileID: 8915161956653858376, guid: 46e175d2e50aab0488169ed4d64f51f2, type: 3}
      propertyPath: m_LocalRotation.y
      value: 1
      objectReference: {fileID: 0}
    - target: {fileID: 8915161956653858376, guid: 46e175d2e50aab0488169ed4d64f51f2, type: 3}
      propertyPath: m_LocalRotation.z
      value: -0
      objectReference: {fileID: 0}
    - target: {fileID: 8915161956653858376, guid: 46e175d2e50aab0488169ed4d64f51f2, type: 3}
      propertyPath: m_LocalEulerAnglesHint.x
      value: 0
      objectReference: {fileID: 0}
    - target: {fileID: 8915161956653858376, guid: 46e175d2e50aab0488169ed4d64f51f2, type: 3}
      propertyPath: m_LocalEulerAnglesHint.y
      value: 180
      objectReference: {fileID: 0}
    - target: {fileID: 8915161956653858376, guid: 46e175d2e50aab0488169ed4d64f51f2, type: 3}
      propertyPath: m_LocalEulerAnglesHint.z
      value: 0
      objectReference: {fileID: 0}
    m_RemovedComponents: []
  m_SourcePrefab: {fileID: 100100000, guid: 46e175d2e50aab0488169ed4d64f51f2, type: 3}
--- !u!4 &582616375993810854 stripped
Transform:
  m_CorrespondingSourceObject: {fileID: 8915161956653858376, guid: 46e175d2e50aab0488169ed4d64f51f2, type: 3}
  m_PrefabInstance: {fileID: 8335276778885104110}
  m_PrefabAsset: {fileID: 0}
--- !u!1001 &8412581017350429930
PrefabInstance:
  m_ObjectHideFlags: 0
  serializedVersion: 2
  m_Modification:
    m_TransformParent: {fileID: 8335276777106237818}
    m_Modifications:
    - target: {fileID: 4502176013269322318, guid: b8bf926da61680b4f8150ca7396f4abb, type: 3}
      propertyPath: m_Name
      value: FenceCrystal_Border00_1
      objectReference: {fileID: 0}
    - target: {fileID: 4822043460747229005, guid: b8bf926da61680b4f8150ca7396f4abb, type: 3}
      propertyPath: m_StaticEditorFlags
      value: 1
      objectReference: {fileID: 0}
    - target: {fileID: 6540680593265352272, guid: b8bf926da61680b4f8150ca7396f4abb, type: 3}
      propertyPath: m_RootOrder
      value: 18
      objectReference: {fileID: 0}
    - target: {fileID: 6540680593265352272, guid: b8bf926da61680b4f8150ca7396f4abb, type: 3}
      propertyPath: m_LocalPosition.x
      value: -8
      objectReference: {fileID: 0}
    - target: {fileID: 6540680593265352272, guid: b8bf926da61680b4f8150ca7396f4abb, type: 3}
      propertyPath: m_LocalPosition.y
      value: 0
      objectReference: {fileID: 0}
    - target: {fileID: 6540680593265352272, guid: b8bf926da61680b4f8150ca7396f4abb, type: 3}
      propertyPath: m_LocalPosition.z
      value: 0
      objectReference: {fileID: 0}
    - target: {fileID: 6540680593265352272, guid: b8bf926da61680b4f8150ca7396f4abb, type: 3}
      propertyPath: m_LocalRotation.w
      value: 1
      objectReference: {fileID: 0}
    - target: {fileID: 6540680593265352272, guid: b8bf926da61680b4f8150ca7396f4abb, type: 3}
      propertyPath: m_LocalRotation.x
      value: 0
      objectReference: {fileID: 0}
    - target: {fileID: 6540680593265352272, guid: b8bf926da61680b4f8150ca7396f4abb, type: 3}
      propertyPath: m_LocalRotation.y
      value: 0
      objectReference: {fileID: 0}
    - target: {fileID: 6540680593265352272, guid: b8bf926da61680b4f8150ca7396f4abb, type: 3}
      propertyPath: m_LocalRotation.z
      value: 0
      objectReference: {fileID: 0}
    - target: {fileID: 6540680593265352272, guid: b8bf926da61680b4f8150ca7396f4abb, type: 3}
      propertyPath: m_LocalEulerAnglesHint.x
      value: 0
      objectReference: {fileID: 0}
    - target: {fileID: 6540680593265352272, guid: b8bf926da61680b4f8150ca7396f4abb, type: 3}
      propertyPath: m_LocalEulerAnglesHint.y
      value: 0
      objectReference: {fileID: 0}
    - target: {fileID: 6540680593265352272, guid: b8bf926da61680b4f8150ca7396f4abb, type: 3}
      propertyPath: m_LocalEulerAnglesHint.z
      value: 0
      objectReference: {fileID: 0}
    m_RemovedComponents: []
  m_SourcePrefab: {fileID: 100100000, guid: b8bf926da61680b4f8150ca7396f4abb, type: 3}
--- !u!4 &3349085503684248250 stripped
Transform:
  m_CorrespondingSourceObject: {fileID: 6540680593265352272, guid: b8bf926da61680b4f8150ca7396f4abb, type: 3}
  m_PrefabInstance: {fileID: 8412581017350429930}
  m_PrefabAsset: {fileID: 0}
--- !u!1001 &8592266168806524609
PrefabInstance:
  m_ObjectHideFlags: 0
  serializedVersion: 2
  m_Modification:
    m_TransformParent: {fileID: 8335276777106237818}
    m_Modifications:
    - target: {fileID: 2356258426337743631, guid: 1d4da0acad72c694e8c0e9ee776e1926, type: 3}
      propertyPath: m_Name
      value: FloatingPlatform_Support01
      objectReference: {fileID: 0}
    - target: {fileID: 7636616863473416848, guid: 1d4da0acad72c694e8c0e9ee776e1926, type: 3}
      propertyPath: m_RootOrder
      value: 20
      objectReference: {fileID: 0}
    - target: {fileID: 7636616863473416848, guid: 1d4da0acad72c694e8c0e9ee776e1926, type: 3}
      propertyPath: m_LocalPosition.x
      value: 0
      objectReference: {fileID: 0}
    - target: {fileID: 7636616863473416848, guid: 1d4da0acad72c694e8c0e9ee776e1926, type: 3}
      propertyPath: m_LocalPosition.y
      value: -1
      objectReference: {fileID: 0}
    - target: {fileID: 7636616863473416848, guid: 1d4da0acad72c694e8c0e9ee776e1926, type: 3}
      propertyPath: m_LocalPosition.z
      value: 0
      objectReference: {fileID: 0}
    - target: {fileID: 7636616863473416848, guid: 1d4da0acad72c694e8c0e9ee776e1926, type: 3}
      propertyPath: m_LocalRotation.w
      value: 1
      objectReference: {fileID: 0}
    - target: {fileID: 7636616863473416848, guid: 1d4da0acad72c694e8c0e9ee776e1926, type: 3}
      propertyPath: m_LocalRotation.x
      value: 0
      objectReference: {fileID: 0}
    - target: {fileID: 7636616863473416848, guid: 1d4da0acad72c694e8c0e9ee776e1926, type: 3}
      propertyPath: m_LocalRotation.y
      value: 0
      objectReference: {fileID: 0}
    - target: {fileID: 7636616863473416848, guid: 1d4da0acad72c694e8c0e9ee776e1926, type: 3}
      propertyPath: m_LocalRotation.z
      value: 0
      objectReference: {fileID: 0}
    - target: {fileID: 7636616863473416848, guid: 1d4da0acad72c694e8c0e9ee776e1926, type: 3}
      propertyPath: m_LocalEulerAnglesHint.x
      value: 0
      objectReference: {fileID: 0}
    - target: {fileID: 7636616863473416848, guid: 1d4da0acad72c694e8c0e9ee776e1926, type: 3}
      propertyPath: m_LocalEulerAnglesHint.y
      value: 0
      objectReference: {fileID: 0}
    - target: {fileID: 7636616863473416848, guid: 1d4da0acad72c694e8c0e9ee776e1926, type: 3}
      propertyPath: m_LocalEulerAnglesHint.z
      value: 0
      objectReference: {fileID: 0}
    m_RemovedComponents: []
  m_SourcePrefab: {fileID: 100100000, guid: 1d4da0acad72c694e8c0e9ee776e1926, type: 3}
--- !u!4 &2217858015066258513 stripped
Transform:
  m_CorrespondingSourceObject: {fileID: 7636616863473416848, guid: 1d4da0acad72c694e8c0e9ee776e1926, type: 3}
  m_PrefabInstance: {fileID: 8592266168806524609}
  m_PrefabAsset: {fileID: 0}
--- !u!1001 &9020798021170697382
PrefabInstance:
  m_ObjectHideFlags: 0
  serializedVersion: 2
  m_Modification:
    m_TransformParent: {fileID: 8335276777106237818}
    m_Modifications:
    - target: {fileID: 3741376348798166435, guid: 21fdc8f23e2a6a54594b1500187e42ac, type: 3}
      propertyPath: m_Name
      value: FenceCrystal_Border00_5Corner (1)
      objectReference: {fileID: 0}
    - target: {fileID: 3741376348798166460, guid: 21fdc8f23e2a6a54594b1500187e42ac, type: 3}
      propertyPath: m_RootOrder
      value: 17
      objectReference: {fileID: 0}
    - target: {fileID: 3741376348798166460, guid: 21fdc8f23e2a6a54594b1500187e42ac, type: 3}
      propertyPath: m_LocalPosition.x
      value: -8
      objectReference: {fileID: 0}
    - target: {fileID: 3741376348798166460, guid: 21fdc8f23e2a6a54594b1500187e42ac, type: 3}
      propertyPath: m_LocalPosition.y
      value: 0
      objectReference: {fileID: 0}
    - target: {fileID: 3741376348798166460, guid: 21fdc8f23e2a6a54594b1500187e42ac, type: 3}
      propertyPath: m_LocalPosition.z
      value: 1
      objectReference: {fileID: 0}
    - target: {fileID: 3741376348798166460, guid: 21fdc8f23e2a6a54594b1500187e42ac, type: 3}
      propertyPath: m_LocalRotation.w
      value: 0.7071068
      objectReference: {fileID: 0}
    - target: {fileID: 3741376348798166460, guid: 21fdc8f23e2a6a54594b1500187e42ac, type: 3}
      propertyPath: m_LocalRotation.x
      value: -0
      objectReference: {fileID: 0}
    - target: {fileID: 3741376348798166460, guid: 21fdc8f23e2a6a54594b1500187e42ac, type: 3}
      propertyPath: m_LocalRotation.y
      value: 0.70710677
      objectReference: {fileID: 0}
    - target: {fileID: 3741376348798166460, guid: 21fdc8f23e2a6a54594b1500187e42ac, type: 3}
      propertyPath: m_LocalRotation.z
      value: -0
      objectReference: {fileID: 0}
    - target: {fileID: 3741376348798166460, guid: 21fdc8f23e2a6a54594b1500187e42ac, type: 3}
      propertyPath: m_LocalEulerAnglesHint.x
      value: 0
      objectReference: {fileID: 0}
    - target: {fileID: 3741376348798166460, guid: 21fdc8f23e2a6a54594b1500187e42ac, type: 3}
      propertyPath: m_LocalEulerAnglesHint.y
      value: 90
      objectReference: {fileID: 0}
    - target: {fileID: 3741376348798166460, guid: 21fdc8f23e2a6a54594b1500187e42ac, type: 3}
      propertyPath: m_LocalEulerAnglesHint.z
      value: 0
      objectReference: {fileID: 0}
    - target: {fileID: 6883276470560518738, guid: 21fdc8f23e2a6a54594b1500187e42ac, type: 3}
      propertyPath: m_StaticEditorFlags
      value: 1
      objectReference: {fileID: 0}
    m_RemovedComponents: []
  m_SourcePrefab: {fileID: 100100000, guid: 21fdc8f23e2a6a54594b1500187e42ac, type: 3}
--- !u!4 &5682515747147133210 stripped
Transform:
  m_CorrespondingSourceObject: {fileID: 3741376348798166460, guid: 21fdc8f23e2a6a54594b1500187e42ac, type: 3}
  m_PrefabInstance: {fileID: 9020798021170697382}
  m_PrefabAsset: {fileID: 0}
